 Dungeon Crawl Stone Soup version 0.30.1-4-g462c640d31 (webtiles) character file.

Game seed: 10538092679246894785

195577 growler the Cloud Mage (level 18, -2/113 HPs)
             Began as a Tengu Air Elementalist on Aug 26, 2023.
             Was the Champion of Hepliaklqana.
             Slain by the 27-headed Lernaean hydra (7 damage)
             ... on level 4 of the Swamp on Aug 27, 2023.
             The game lasted 02:29:37 (50775 turns).

growler the Cloud Mage (Tengu Air Elementalist)    Turns: 50775, Time: 02:29:38

Health: -2/113     AC: 11    Str: 10    XL:     18   Next: 34%
Magic:  41/41      EV: 18    Int: 23    God:    Hepliaklqana [******]
Gold:   1042       SH: 21    Dex: 14    Spells: 12/35 levels left

rFire   + + .        I - +9 demon whip (elec)
rCold   + + .        A - +5 kite shield {rF+}
rNeg    . . .        z - +0 steam dragon scales
rPois   +            (helmet restricted)
rElec   .            E - +2 cloak
rCorr   .            x - +2 pair of gloves {Stlth+}
SInv    +            (boots unavailable)
Will    +....        r - amulet of reflection
Stlth   ++++         Z - ring of Bouver {rPois rF+ rC++ SInv}
HPRegen 0.38/turn    N - ring of magical power
MPRegen 0.27/turn

%: reflection
@: flying quickly and evasively, quick
A: reduced essence, beak, talons 3, nimble flight
}: 1/15 runes: serpentine
a: Renounce Religion, Recall Ancestor, Ancestor Identity, Transference, Idealise


You were on level 4 of the Swamp.
You worshipped Hepliaklqana.
Hepliaklqana was exalted by your worship.
You visited 6 branches of the dungeon, and saw 31 of its levels.
You visited 2 bazaars.

You collected 2837 gold pieces.
You spent 1795 gold pieces at shops.

Inventory:

Hand Weapons
 I - a +9 demon whip of electrocution (weapon)
 X - the +8 flail of the Spider Nest {freeze, rElec Stlth+}
   (You found it on level 12 of the Dungeon)

   rElec:     It insulates you from electricity.
   Stlth:     It makes you more stealthy.
Armour
 x - a +2 pair of gloves of stealth (worn)
 z - +0 steam dragon scales (worn)
 A - a +5 kite shield of fire resistance (worn)
 E - a +2 cloak (worn)
Jewellery
 a - an amulet of faith
 m - a ring of wizardry
 p - a ring of willpower
 r - an amulet of reflection (around neck)
 K - the ring "Lienod Xokka" {Fire rElec rN+}
   (You took it off a centaur warrior on level 9 of the Dungeon)

   [ring of fire]

   It enhances your fire magic.
   rF:        It protects you from fire.
   rC:        It makes you vulnerable to cold.
   rElec:     It insulates you from electricity.
   rN:        It protects you from negative energy.
 N - a ring of magical power (right hand)
 V - a +6 ring of intelligence
 Z - the ring of Bouver (left hand) {rPois rF+ rC++ SInv}
   (You bought it in a shop on level 2 of the Orcish Mines)

   [ring of protection from fire]

   rF:        It protects you from fire.
   rC:        It greatly protects you from cold.
   rPois:     It protects you from poison.
   SInv:      It lets you see invisible.
Wands
 n - a wand of polymorph (10)
 v - a wand of flame (41)
 y - a wand of digging (5)
 C - a wand of acid (23)
 F - a wand of mindburst (12)
 H - a wand of iceblast (18)
 U - a wand of charming (10)
Scrolls
 d - a scroll of enchant weapon
 e - 14 scrolls of teleportation
 f - 3 scrolls of fog
 h - 5 scrolls of fear
 i - 9 scrolls of poison
 j - 2 scrolls of magic mapping
 l - 8 scrolls of vulnerability
 t - 3 scrolls of torment
 u - 7 scrolls of identify
 G - 2 scrolls of immolation
 M - 9 scrolls of amnesia
 R - 2 scrolls of butterflies
 S - 3 scrolls of silence
 T - 3 scrolls of blinking
Potions
 b - 4 potions of magic
 c - 7 potions of attraction
 g - 8 potions of brilliance
 k - 8 potions of resistance
 o - 17 potions of curing
 q - 3 potions of berserk rage
 s - 3 potions of haste
 w - 3 potions of mutation
 B - 7 potions of heal wounds
 D - a potion of ambrosia
 J - 7 potions of might
 P - a potion of lignification
 Y - 4 potions of invisibility


   Skills:
 + Level 18.6 Fighting
 + Level 8.9 Maces & Flails
 - Level 10.0 Dodging
 - Level 4.1 Stealth
 - Level 10.0 Shields
 - Level 9.0 Spellcasting
 - Level 6.0 Conjurations
 + Level 24.9 Air Magic


You had 12 spell levels left.
You knew the following spells:

 Your Spells              Type           Power      Damage    Failure   Level
a - Shock                 Conj/Air       100%       1d9       1%          1
b - Static Discharge      Conj/Air       100%       2-7/arc   1%          2
c - Swiftness             Air            90%        N/A       0%          3
d - Airstrike             Air            45%        2d(7-23)  0%          4
e - Maxwell's Capacitive  Air            45%        ∞         4%          8
f - Arcjolt               Conj/Air       34%        1d44      1%          5

Your spell library contained the following spells:

 Spells                   Type           Power      Damage    Failure   Level
 Cigotuvi's Dreadful Rot  Necr/Pois/Air  96%        N/A       1%          2
 Poisonous Vapours        Pois/Air       100%       N/A       1%          2
 Mephitic Cloud           Conj/Pois/Air  55%        N/A       1%          3
 Vhi's Electric Charge    Tloc/Air       100%       N/A       1%          3
 Summon Lightning Spire   Summ/Air       61%        N/A       1%          4
 Silence                  Hex/Air        30%        N/A       3%          5
 Kiss of Death            Conj/Necr      96%        2d12      5%          1
 Dazzling Flash           Conj/Hex       48%        N/A       16%         3
 Hailstorm                Conj/Ice       24%        3d7       16%         3
 Beastly Appendage        Tmut           20%        N/A       19%         1
 Slow                     Hex            40%        N/A       19%         1
 Wereblood                Tmut           10%        N/A       26%         2
 Iskenderun's Mystic Bla  Conj/Tloc      24%        2d7       45%         4
 Confusing Touch          Hex            10%        N/A       47%         3
 Ozocubu's Armour         Ice            10%        N/A       47%         3
 Spider Form              Tmut/Pois      10%        N/A       47%         3
 Vampiric Draining        Necr           10%        2d6       47%         3
 Volatile Blastmotes      Fire/Tloc      20%        2d11      47%         3
 Irradiate                Conj/Tmut      12%        3d15      82%         5
 Dispel Undead            Necr           10%        3d9       87%         4
 Ice Form                 Ice/Tmut       10%        N/A       87%         4
 Agony                    Necr           10%        N/A       99%         5
 Alistair's Intoxication  Tmut/Pois      6%         N/A       99%         5
 Blade Hands              Tmut           5%         N/A       99%         5
 Borgnjor's Vile Clutch   Necr/Erth      5%         N/A       99%         5
 Metabolic Englaciation   Hex/Ice        5%         N/A       99%         5
 Eringya's Noxious Bog    Tmut/Pois      5%         N/A       100%        6
 Simulacrum               Ice/Necr       5%         N/A       100%        6
 Starburst                Conj/Fire      12%        6d5       100%        6
 Dragon Form              Tmut           5%         N/A       100%        7


Dungeon Overview and Level Annotations

Branches:
Dungeon (15/15)            Temple (1/1) D:6            Lair (5/5) D:9
  Swamp (4/4) Lair:3        Snake (4/4) Lair:2        Slime (0/5) Lair:5
    Orc (2/2) D:12            Elf (0/3) Orc:2        Vaults (0/5) D:14
 Depths (0/4) D:15

Altars:
Ashenzari
Cheibriados
Dithmenos
Elyvilon
Fedhas
Gozag
Hepliaklqana
Kikubaaqudgha
Makhleb
Nemelex Xobeh
Qazlal
Ru
Sif Muna
Trog
Vehumet
Wu Jian
Xom
Yredelemnul
Zin
The Shining One
Jiyva

Shops:
D:1 (   D:6 !*!!   D:8 (   D:10 =   Orc:1 !   Orc:2 [?=*??   Snake:2 ?
Snake:3 :=:   Snake:4 *

Annotations:
Swamp:4 Lernaean hydra


Innate Abilities, Weirdness & Mutations

Your life essence is reduced to manifest your ancestor. (-10% HP)
You have a beak for a mouth.
You have claws for feet.
Your magical nature lets you fly swiftly and evasively.


Message History

The 27-headed Lernaean hydra bites you but does no damage.
You block the 27-headed Lernaean hydra's attack.
The 27-headed Lernaean hydra bites you but does no damage. x2
You block the 27-headed Lernaean hydra's attack.
The 27-headed Lernaean hydra bites you. The 27-headed Lernaean hydra bites you!
You block the 27-headed Lernaean hydra's attack.
The 27-headed Lernaean hydra bites you.
The 27-headed Lernaean hydra completely misses you.
The 27-headed Lernaean hydra bites you!
The 27-headed Lernaean hydra bites you but does no damage.
The 27-headed Lernaean hydra barely misses you. x2
The 27-headed Lernaean hydra bites you but does no damage.
The 27-headed Lernaean hydra bites you.
The 27-headed Lernaean hydra bites you but does no damage.
The 27-headed Lernaean hydra barely misses you.
The 27-headed Lernaean hydra bites you but does no damage.
The 27-headed Lernaean hydra closely misses you.
The 27-headed Lernaean hydra bites you!
The 27-headed Lernaean hydra barely misses you.
You block the 27-headed Lernaean hydra's attack.
The 27-headed Lernaean hydra bites you! The 27-headed Lernaean hydra bites you.
* * * LOW HITPOINT WARNING * * *
The 27-headed Lernaean hydra misses you.
The 27-headed Lernaean hydra bites you!
* * * LOW HITPOINT WARNING * * *
The 27-headed Lernaean hydra bites you.
* * * LOW HITPOINT WARNING * * *
The 27-headed Lernaean hydra bites you.
* * * LOW HITPOINT WARNING * * *
The 27-headed Lernaean hydra bites you.
* * * LOW HITPOINT WARNING * * *
The 27-headed Lernaean hydra closely misses you.
The 27-headed Lernaean hydra bites you.
* * * LOW HITPOINT WARNING * * *
The 27-headed Lernaean hydra bites you but does no damage. x3
The 27-headed Lernaean hydra bites you.
* * * LOW HITPOINT WARNING * * *
The 27-headed Lernaean hydra closely misses you.
The 27-headed Lernaean hydra bites you!
You die...

♣.§~~~~~.§~~~~♣ ♣.~~~.♣♣.~~~♣
♣.~~~..§♣♣♣♣ ♣♣♣~....).♣♣
~♣♣♣ ♣♣..~♣~.~~..♣ ~.~♣
♣♣~~~~..~♣♣..♣♣ ~~~♣
♣.~~§~.~♣♣♣~~.♣ ~~.♣♣
♣.~~~~..D♣♣.~.♣♣♣
♣~~~♣♣♣♣.w~~~~~.@~~♣♣~~♣♣
.~~.~~~~.~~~.§~~.R..~~..♣♣
~~D~...~~~~~~~~~~~~~~~~~~♣
§§~~~.~~~~~~~~~~~~~~~~~~§♣♣
§~~~..~~~~~~~~.~~~~...~~~.♣
~~~~..~~~~~...♣♣♣......~~~♣♣
.~.♣..~~~..~.~♣ ♣♣.~§~.~~~.♣♣
♣♣♣♣♣♣~.♣♣.~.♣♣♣♣~.~.~§~~~~.♣
~.♣ ♣♣♣♣♣~§~~.♣~~~~†.~~~~.~♣


You could see the friendly Reggie B. the hexer, the 27-headed Lernaean hydra and
a swamp worm.

Vanquished Creatures
  Asterion (Snake:2)
  2 quicksilver dragons (Snake:4)
  Frances (D:14)
  A kraken (Swamp:2)
  5 nagarajas
  Donald (Snake:1)
  A stone giant (Orc:2)
  3 eleionomae
  Nessos (D:14)
  Azrael (D:13)
  A dire elephant (D:15)
  3 bunyips
  A fire dragon (Lair:5)
  9 hydras
  3 salamander tyrants (Snake:4)
  9 centaur warriors
  An ogre mage (D:15)
  Erica (D:10)
  7 anacondas
  6 boulder beetles
  6 two-headed ogres
  3 death yaks
  3 tengu warriors
  2 alligators (Swamp:3)
  An orc high priest (Orc:2)
  9 naga warriors
  8 shock serpents
  9 naga sharpshooters
  7 spriggans
  4 skeletal warriors
  Nergalle (Orc:1)
  2 spriggan druids
  3 salamander mystics
  2 naga ritualists
  3 swamp dragons
  Pikel (D:6)
  A bog body (Swamp:3)
  3 wizards
  A lindwurm (Lair:5)
  A deep elf pyromancer (D:14)
  4 ugly things
  A wolf spider (D:15)
  4 will-o-the-wisps
  9 orc knights
  5 orc sorcerers (Orc:2)
  4 manticores
  6 elephants (Lair:5)
  7 cyclopes
  6 mana vipers
  Maurice (D:8)
  9 guardian serpents
  29 black mambas
  12 salamanders
  2 molten gargoyles (Lair:5)
  15 naga magi
  2 gargoyles
  7 rime drakes
  14 cane toads
  2 kobold demonologists
  4 komodo dragons
  2 unseen horrors
  2 efreet (D:9)
  3 trolls
  5 hornets
  Prince Ribbit (D:6)
  2 polar bears
  6 tyrant leeches
  4 saltlings (Orc:2)
  6 dream sheep (Lair:5)
  16 blink frogs
  8 slime creatures
  A vampire (D:9)
  3 wraiths
  2 shadows
  8 wyverns
  Eustachio (D:6)
  17 yaks
  3 steam dragons
  7 basilisks
  A fire elemental (D:13)
  23 vampire mosquitoes
  15 swamp worms
  2 wargs (Orc:2)
  3 acid dragons
  12 water moccasins
  37 nagas
  9 hell hounds
  16 orc warriors
  A hexer (Snake:1)
  3 swamp drakes (Swamp:4)
  2 ice beasts
  A sky beast (D:7)
  3 black bears (Lair:1)
  10 centaurs
  6 wolves
  3 ogres
  A phantom (D:6)
  2 lemures (D:6)
  3 kobold brigands
  14 bullfrogs
  A gnoll sergeant (D:9)
  9 scorpions
  2 wights (D:9)
  5 killer bees (D:7)
  7 howler monkeys
  An electric eel (Lair:5)
  4 lava snakes (Lair:5)
  Crazy Yiuf (D:4)
  2 jellies
  2 gnoll boudas
  14 orc priests
  An iguana (D:5)
  21 orc wizards
  13 gnolls
  6 adders
  3 shadow imps
  A white imp (D:6)
  2 worms
  A dart slug (D:4)
  65 orcs
  7 ball pythons
  8 bats
  9 endoplasms
  3 giant cockroaches
  3 goblins
  2 hobgoblins
  10 jackals
  15 kobolds
  4 quokkas
  A frilled lizard (D:1)
  3 rats
  A spectral weapon (Swamp:2)
  2 tentacles (Swamp:2)
764 creatures vanquished.

Vanquished Creatures (collateral kills)
  An ironbound preserver (D:14)
  2 bunyips
  Fannar (D:11)
  Erolcha (Orc:1)
  4 hydras
  2 alligators (Swamp:1)
  A naga warrior (Snake:4)
  2 tengu warriors
  2 naga sharpshooters (Snake:4)
  2 shock serpents (Snake:4)
  A skyshark (Lair:5)
  A goliath frog (Swamp:1)
  A salamander mystic (Snake:4)
  6 slime creatures
  A wizard (D:14)
  4 orc knights (Orc:2)
  2 salamanders
  2 orc sorcerers (Orc:2)
  3 elephants (Lair:5)
  2 guardian serpents
  4 black mambas
  A naga mage (Snake:4)
  2 cane toads
  An unseen horror (D:11)
  A torpor snail (Lair:4)
  A komodo dragon (Lair:1)
  A troll (D:11)
  2 hornets (Swamp:2)
  A merfolk (D:15)
  2 saltlings (Orc:2)
  5 blink frogs
  A dream sheep (Lair:5)
  2 spriggans
  6 yaks
  A wyvern (Lair:5)
  3 steam dragons (D:9)
  2 vampire mosquitoes
  A warg (Orc:2)
  6 nagas
  4 orc warriors
  2 wolves (Lair:1)
  2 bullfrogs
  A lava snake (Lair:5)
  2 orc priests
  6 orc wizards
  A gnoll (D:9)
  12 orcs
  2 kobolds (D:11)
  A tentacle (Swamp:2)
117 creatures vanquished.

Vanquished Creatures (others)
  A bloated husk (Swamp:3)
  30 hexers
  10 ancestors
  9 foxfires
  6 tentacles (Swamp:2)
56 creatures vanquished.

Grand Total: 937 creatures vanquished

Notes
Turn   | Place    | Note
-------+----------+-------------------------------------------
     0 | D:1      | growler the Tengu Air Elementalist began the quest for the
                  | Orb.
     0 | D:1      | Reached XP level 1. HP: 10/10 MP: 4/4
    79 | D:1      | Found Xeetsa's Antique Weapon Shoppe.
   281 | D:1      | Reached XP level 2. HP: 15/15 MP: 3/6
   330 | D:1      | Learned a level 2 spell: Static Discharge
   640 | D:1      | Reached XP level 3. HP: 15/19 MP: 0/7
   850 | D:1      | Learned a level 3 spell: Swiftness
  1465 | D:2      | Reached XP level 4. HP: 24/24 MP: 0/9
  1566 | D:2      | Reached skill level 5 in Air Magic
  2065 | D:3      | Found a faded altar of an unknown god.
  2343 | D:3      | Found a bloodstained altar of Trog.
  2543 | D:3      | Gained mutation: Your magical nature lets you fly swiftly
                  | and evasively. [Tengu growth]
  2543 | D:3      | Reached XP level 5. HP: 28/28 MP: 7/10
  2548 | D:3      | Learned a level 4 spell: Airstrike
  2679 | D:3      | Found a snail-covered altar of Cheibriados.
  3227 | D:4      | Found a runed translucent door.
  3228 | D:4      | Noticed Crazy Yiuf
  3600 | D:4      | Killed Crazy Yiuf
  3601 | D:4      | Reached XP level 6. HP: 29/32 MP: 6/12
  3698 | D:5      | Entered Level 5 of the Dungeon
  3701 | D:5      | Reached skill level 6 in Air Magic
  3855 | D:5      | Noticed an ice beast
  3881 | D:5      | Killed an ice beast
  3882 | D:5      | Reached skill level 5 in Conjurations
  4163 | D:5      | Reached XP level 7. HP: 31/36 MP: 8/14
  4317 | D:5      | Reached skill level 7 in Air Magic
  4621 | D:6      | Found a staircase to the Ecumenical Temple.
  4631 | Temple   | Entered the Ecumenical Temple
  4727 | Temple   | Became a worshipper of Hepliaklqana the Forgotten
  4830 | D:6      | Noticed Pikel
  4854 | D:6      | Killed Pikel
  4855 | D:6      | Reached skill level 5 in Spellcasting
  4855 | D:6      | Reached skill level 9 in Air Magic
  4855 | D:6      | Reached XP level 8. HP: 6/41 MP: 0/16
  5092 | D:6      | Noticed Prince Ribbit
  5109 | D:6      | Killed Prince Ribbit
  5110 | D:6      | Reached skill level 1 in Fighting
  5110 | D:6      | Reached skill level 10 in Air Magic
  5257 | D:6      | Found Keqev's Distillery.
  5257 | D:6      | Noticed Eustachio
  5262 | D:6      | Found Qesapnit's Distillery.
  5264 | D:6      | Killed Eustachio
  5490 | D:6      | Found Micen's Distillery.
  5508 | D:6      | Reached XP level 9. HP: 49/49 MP: 5/18
  5788 | D:6      | Found a stormy altar of Qazlal.
  5881 | D:6      | Found Umidu Qelo's General Store.
  6394 | D:7      | Reached skill level 11 in Air Magic
  6946 | D:7      | Reached skill level 5 in Fighting
  7450 | D:6      | Bought a +1 kite shield of fire resistance for 181 gold
                  | pieces
  7734 | D:8      | Noticed Maurice
  7890 | D:8      | Killed Maurice
  7891 | D:8      | Reached skill level 12 in Air Magic
  8131 | D:8      | Reached XP level 10. HP: 23/60 MP: 4/20
  8463 | D:8      | Reached * piety under Hepliaklqana
  8513 | D:8      | Found Jobuvos's Weapon Shop.
  8734 | D:8      | Reached skill level 13 in Air Magic
  9272 | D:9      | Found a shimmering altar of Xom.
  9433 | D:9      | Found a staircase to the Lair.
  9976 | D:9      | Reached skill level 14 in Air Magic
 10531 | D:9      | Reached XP level 11. HP: 59/62 MP: 5/22
 10754 | D:9      | Noticed a wizard
 11249 | D:9      | Identified the +2 leather armour of Analysis {Slay+3}
 11451 | D:9      | Found a sacrificial altar of Ru.
 11593 | D:9      | Noticed a purple ugly thing
 11595 | D:9      | Identified the +4 great sword "Lax Mag" {speed, rCorr
                  | Stlth+}
 11654 | D:9      | Killed a wizard
 11655 | D:9      | Reached skill level 15 in Air Magic
 11866 | D:9      | Killed a purple ugly thing
 11993 | D:9      | Identified the ring "Lienod Xokka" {Fire rElec rN+}
 11993 | D:9      | Noticed a centaur warrior
 12102 | D:9      | Identified the +0 long sword of Revolt {heavy, rPois rN+}
 12692 | D:9      | Noticed a cyclops
 12693 | D:9      | Killed a centaur warrior
 12832 | D:9      | Killed a cyclops
 13013 | D:10     | Entered Level 10 of the Dungeon
 13025 | D:10     | Noticed Erica
 13030 | D:10     | Killed Erica
 13031 | D:10     | Reached skill level 10 in Fighting
 13276 | D:10     | Reached skill level 16 in Air Magic
 14055 | D:10     | Found Acitougo's Jewellery Shop.
 14063 | D:10     | Bought a ring of magical power for 280 gold pieces
 14295 | D:10     | Found a white marble altar of Elyvilon.
 14314 | D:10     | Reached ** piety under Hepliaklqana
 14315 | D:10     | Remembered your ancestor Reggie B. as a hexer
 14790 | D:11     | Noticed a boulder beetle
 14794 | D:11     | Killed a boulder beetle
 14893 | D:11     | Noticed a cyclops
 14897 | D:11     | Killed a cyclops
 14898 | D:11     | Reached XP level 12. HP: 60/72 MP: 5/23
 15101 | D:11     | Reached skill level 17 in Air Magic
 15360 | D:11     | Found a flickering gateway to a bazaar.
 15370 | Bazaar   | Entered a bazaar
 15455 | Bazaar   | Found Foodwy's Armour Emporium.
 15463 | Bazaar   | Found Bulotucu's Book Boutique.
 15504 | Bazaar   | Found Hoenos's Jewellery Shoppe.
 15512 | Bazaar   | Found Tadiym's Book Shop.
 15856 | D:11     | Noticed Fannar
 15932 | D:11     | Killed Fannar
 16337 | Lair:1   | Entered Level 1 of the Lair of Beasts
 16400 | Lair:1   | Identified a scroll of acquirement
 16403 | Lair:1   | Acquired the Spellbook of Baneful Astrapomancy
 17466 | Lair:1   | Reached *** piety under Hepliaklqana
 18097 | Lair:2   | Reached skill level 18 in Air Magic
 18287 | Lair:2   | Noticed a seven-headed hydra
 18329 | Lair:2   | Killed a seven-headed hydra
 18487 | Lair:2   | Found a staircase to the Snake Pit.
 18779 | Lair:2   | Reached **** piety under Hepliaklqana
 19197 | Lair:3   | Reached skill level 1 in Shields
 19197 | Lair:3   | Reached XP level 13. HP: 78/78 MP: 25/25
 20447 | Lair:3   | Found a staircase to the Swamp.
 20687 | Lair:4   | Identified the staff of air "Osainni" {rElec rN++ rCorr
                  | Str-3 Dex+3}
 21836 | Lair:4   | Reached ***** piety under Hepliaklqana
 22590 | Lair:4   | Reached skill level 19 in Air Magic
 22898 | Lair:5   | Entered Level 5 of the Lair of Beasts
 22923 | Lair:4   | Learned a level 8 spell: Maxwell's Capacitive Coupling
 22929 | Lair:4   | Learned a level 5 spell: Arcjolt
 22937 | Lair:5   | Found a staircase to the Slime Pits.
 22937 | Lair:5   | Found a viscous altar of Jiyva.
 22945 | Lair:4   | HP: 2/79 [poisoned by a black mamba]
 22949 | Lair:4   | Reached skill level 5 in Shields
 23582 | Lair:5   | Identified the +9 plate armour of Poor Excuses {rPois
                  | Regen+ rCorr Str-4}
 23607 | Lair:5   | Reached XP level 14. HP: 84/84 MP: 2/28
 24887 | Lair:5   | Reached skill level 20 in Air Magic
 25001 | Lair:5   | Found a large runed translucent door.
 25001 | Lair:5   | Found a large runed translucent door.
 26326 | D:12     | Identified the +8 flail of the Spider Nest {freeze, rElec
                  | Stlth+}
 27569 | D:12     | Found a staircase to the Orcish Mines.
 27858 | D:12     | Identified the +0 robe of the Arcane {rPois rC+ Regen+}
 27968 | Orc:1    | Entered Level 1 of the Orcish Mines
 28098 | Orc:2    | Entered Level 2 of the Orcish Mines
 28098 | Orc:2    | Found Goforuoz's Magic Scroll Emporium.
 28390 | Orc:2    | Found a flickering gateway to a bazaar.
 28416 | Bazaar   | Entered a bazaar
 28422 | Bazaar   | Found Xuickusy's Magic Scroll Emporium.
 28438 | Bazaar   | Found Dimuprae's General Store.
 28445 | Bazaar   | Found Iqioco's General Store.
 28446 | Bazaar   | Bought a scroll of enchant weapon for 90 gold pieces
 28446 | Bazaar   | Bought a scroll of enchant armour for 90 gold pieces
 28448 | Bazaar   | Found Qidum's Distillery.
 28461 | Bazaar   | Bought a potion of heal wounds for 50 gold pieces
 28738 | Orc:1    | Noticed Erolcha
 28747 | Orc:1    | Killed Erolcha
 28983 | Orc:2    | Reached XP level 15. HP: 76/90 MP: 4/29
 29136 | Orc:2    | Found a staircase to the Elven Halls.
 29143 | Orc:2    | Found Dyotoanu's Jewellery Emporium.
 29614 | Orc:2    | Reached skill level 15 in Fighting
 29784 | Orc:2    | Reached skill level 21 in Air Magic
 30093 | Orc:2    | Found Louh's Armour Shop.
 30863 | Orc:2    | Found Pipefukh's Magic Scroll Shoppe.
 30883 | Orc:2    | Found Moumox's General Store.
 30885 | Orc:2    | Found Qezen's Magic Scroll Shoppe.
 30895 | Orc:2    | Bought the ring of Bouver {rPois rF+ rC++ SInv} for 810
                  | gold pieces
 30970 | Orc:1    | Found Suryur's Distillery.
 30971 | Orc:1    | Noticed Nergalle
 30977 | Orc:1    | Killed Nergalle
 31313 | Orc:1    | Bought a potion of heal wounds for 70 gold pieces
 31313 | Orc:1    | Bought 2 potions of magic for 224 gold pieces
 31997 | D:13     | Reached skill level 10 in Shields
 32242 | D:13     | Noticed Azrael
 32536 | D:13     | Killed Azrael
 33459 | D:14     | Noticed Frances
 33473 | D:14     | Killed Frances
 33701 | D:14     | Found a sparkling altar of Nemelex Xobeh.
 33773 | D:14     | Reached skill level 5 in Dodging
 33963 | D:14     | Reached skill level 22 in Air Magic
 34701 | D:14     | Reached ****** piety under Hepliaklqana
 34776 | D:14     | Reached XP level 16. HP: 99/99 MP: 15/30
 34868 | D:14     | Found a gate to the Vaults.
 34896 | D:14     | Noticed Nessos
 34900 | D:14     | Killed Nessos
 35152 | D:15     | Entered Level 15 of the Dungeon
 35654 | D:15     | Found a staircase to the Depths.
 36539 | Swamp:1  | Entered Level 1 of the Swamp
 37509 | Swamp:1  | Identified the +1 helmet "Bawk" {rElec Str+2 Slay+3}
 38251 | Swamp:2  | Noticed a kraken
 38261 | Swamp:2  | Killed a kraken
 38810 | Swamp:2  | Reached skill level 23 in Air Magic
 39630 | Swamp:3  | Acquired a +3 demon whip of electrocution
 40003 | Swamp:3  | Reached skill level 1 in Maces & Flails
 40300 | Snake:1  | Entered Level 1 of the Snake Pit
 40980 | Snake:1  | Noticed Donald
 40985 | Snake:1  | Killed Donald
 41191 | Snake:1  | Reached XP level 17. HP: 93/105 MP: 8/31
 42930 | Snake:2  | Noticed Asterion
 43003 | Snake:2  | Killed Asterion
 43004 | Snake:2  | Reached skill level 10 in Dodging
 43304 | Snake:2  | Found Duulloc's Magic Scroll Boutique.
 43620 | Snake:2  | Reached skill level 5 in Maces & Flails
 44546 | Snake:3  | Found a sacrificial altar of Ru.
 45142 | Snake:3  | Reached skill level 24 in Air Magic
 45536 | Snake:3  | Found Vane's Book Boutique.
 45538 | Snake:3  | Found Iggemneu's Jewellery Shoppe.
 45539 | Snake:3  | Found Ocegh's Book Boutique.
 45598 | Snake:4  | Entered Level 4 of the Snake Pit
 45628 | Snake:4  | Found Plog's CLEARANCE SALE!.
 48234 | Snake:4  | Reached XP level 18. HP: 89/112 MP: 26/32
 48289 | Snake:4  | Noticed a quicksilver dragon
 48294 | Snake:4  | Killed a quicksilver dragon
 48472 | Snake:4  | Noticed a quicksilver dragon
 48549 | Snake:4  | Killed a quicksilver dragon
 49471 | Snake:4  | Got a serpentine rune of Zot
 49917 | Swamp:4  | Entered Level 4 of the Swamp
 50584 | Swamp:4  | Noticed the 27-headed Lernaean hydra
 50775 | Swamp:4  | HP: 5/113 [the 27-headed Lernaean hydra (3)]
 50775 | Swamp:4  | Slain by the 27-headed Lernaean hydra

Illustrated notes

Levels and vault maps discovered:
D:1:      doesnt_arrival_eight_statues, layout_rooms, serial_shops,
          nicolae_shop_waterfront, hangedman_decor_points
D:2:      layout_rooms
D:3:      layout_loops_ring, marbit_many_paths, mainiacjoe_overflow_alcove_1,
          ebering_ecumenical_altar_rust, serial_bayou_crossing
D:4:      layout_gridville, serial_glass, glass_columns_a, glass_columns_b,
          uniq_crazy_yiuf_cottage
D:5:      layout_rooms
D:6:      layout_basic, nicolae_overflow_crystal_walls,
          minmay_temple_entry_glass, serial_shops, nicolae_shop_behind_doors,
          nicolae_shop_distant_corner_stores, uniq_eustachio, uniq_pikel,
          uniq_prince_ribbit1
D:7:      layout_cave_pools, kennysheep_nub
D:8:      layout_loops_ring, serial_shops, nicolae_shop_bloodbath_and_beyond,
          uniq_maurice
D:9:      minmay_the_grid_octo_2x2 [minmay_the_grid_octo_clover,
          minmay_the_grid_octo_fat_diamond, minmay_the_grid_octo_fan_narrow,
          minmay_the_grid_octo_prize_ultimate_mussel_roller], layout_cave_pools,
          kennysheep_little_box, xom_teletrap_fun, dpeg_oklobed_lair
D:10:     layout_rooms, lemuel_crystal_altar, serial_shops,
          nicolae_shop_waterfront, uniq_erica
D:11:     layout_roguey, serial_shops, freezing_bzr, uniq_fannar
D:12:     layout_layer_cave, hiddenorc1_lemuel
D:13:     layout_loops_ring, uniq_azrael
D:14:     layout_basic, skrybe_vaults_entry_preservation,
          nemelex_xobeh_ov_fountains_minmay, uniq_nessos, uniq_frances
D:15:     hangedman_depths_entry_try_elsewhere_first, layout_rooms,
          minmay_misc_feat_columns, chequers_avenue
Temple:   eino_temple_scatter_basement
Lair:1:   layout_chaotic_city, chequers_serial_rivers_small_3,
          beast_lair_carwin_6, grunt_megastairs_1
Lair:2:   hellmonk_destroyed_diamonds, layout_regular_city,
          guppyfry_snake_entry_island
Lair:3:   layout_hall_layers, palyth_hydra_swamp_entry, enter_volcano_1,
          serial_bayou_shore_b, infiniplex_staircase_pool_2
Lair:4:   layout_regular_city, hangedman_lair_generics_rect,
          lemuel_fruit_fields, grunt_megastairs_4
Lair:5:   cheibrodos_lair_end_hotspot, layout_big_grid,
          nicolae_slime_entry_slimehenge, serial_bayou_lagoon_b
Swamp:1:  layout_falls_marsh, evilmike_swamp_ruin_house_1, swamp_pool1,
          infiniplex_staircase_pool
Swamp:2:  layout_basic_swamp, hangedman_swamp_ruin_hall,
          nicolae_swamp_thats_no_hydra
Swamp:3:  layout_falls_marsh, nicolae_swamp_triple_paths
Swamp:4:  swamp_old_school, layout_basic_swamp
Snake:1:  layout_chambers, nicolae_snake_shapes, uniq_donald
Snake:2:  layout_onion, serial_shops, shop, uniq_asterion
Snake:3:  layout_gridlike, basic_altar, minmay_shop_grove
Snake:4:  hellmonk_snake_rune_quicksilver_temple, layout_gridlike,
          nicolae_shop_clearance
Orc:1:    layout_caves, serial_shops, shop, uniq_nergalle, uniq_erolcha
Orc:2:    hellmonk_orc_salted, layout_caves, serial_shops, bzr_entry_gold,
          nicolae_shop_tiny_waterfront, shop, nicolae_shop_statue_plus

Skill      XL: |  1  2  3  4  5  6  7  8  9 10 11 12 13 14 15 16 17 18 |
---------------+-------------------------------------------------------+-----
Conjurations   | 2 3 4 5 6 |  6.0
Air Magic      | 5 6 9 10 12 14 16 18 19 20 22 23 24 | 24.9
Spellcasting   | 3 4 5 6 7 9 |  9.0
Fighting       | 2 6 8 11 12 13 14 16 17 18 | 18.6
Dodging        | 4 5 9 10 | 10.0
Stealth        | 4 |  4.1
Shields        | 1 5 8 10 | 10.0
Maces & Flails | 2 7 8 |  8.9

Action                     |  1- 3 |  4- 6 |  7- 9 | 10-12 | 13-15 | 16-18 || total
---------------------------+-------+-------+-------+-------+-------+-------++-------
  Melee: Unarmed           |    31 |     7 |     6 |    20 |       |       ||    64
         Kick              |     9 |       |     2 |    28 |    55 |    58 ||   152
         Peck              |     3 |     1 |     2 |    15 |    38 |    34 ||    93
         Great sword       |       |       |       |    19 |       |       ||    19
         Whip              |       |       |       |    27 |    49 |       ||    76
         Flail             |       |       |       |       |    89 |    60 ||   149
         Demon whip        |       |       |       |       |       |    65 ||    65
   Cast: Shock             |    79 |    94 |    32 |    35 |     1 |       ||   241
         Static Discharge  |       |     9 |    27 |    24 |     4 |     1 ||    65
         Airstrike         |       |     1 |    62 |   289 |   442 |   511 ||  1305
         Arcjolt           |       |       |       |       |    67 |    62 ||   129
         Swiftness         |       |       |       |       |     1 |       ||     1
         Maxwell's Capacit |       |       |       |       |    18 |    21 ||    39
 Invoke: Recall Ancestor   |       |       |       |    11 |    11 |     9 ||    31
         Ancestor Identity |       |       |       |     1 |       |       ||     1
         Ancestor Life: He |       |       |       |     1 |       |       ||     1
  Evoke: Wand              |       |       |       |       |     3 |       ||     3
    Use: Scroll            |     4 |     7 |     5 |    10 |     5 |    15 ||    46
         Potion            |       |       |       |       |     3 |       ||     3
   Stab: Sleeping          |       |     1 |       |       |     2 |       ||     3
         Distracted        |       |       |       |       |     1 |     4 ||     5
         Paralysed         |       |       |       |       |    14 |    12 ||    26
         Confused          |       |       |       |       |       |     2 ||     2
 Armour: Robe              |     3 |     4 |     1 |       |       |       ||     8
         Steam dragon scal |       |       |     1 |    27 |    40 |    38 ||   106
  Dodge: Dodged            |    31 |    26 |    30 |    80 |    88 |   108 ||   363
  Block: Other             |       |       |    11 |    15 |     2 |       ||    28
         Reflection        |       |       |       |     5 |    26 |    62 ||    93
         Kite shield       |       |       |       |    22 |   221 |   257 ||   500
